 Dungeon Crawl Stone Soup version 0.27-a0-385-g3208abaabc (webtiles) character file.

Game seed: 10056770548627571039

321171 rednaxela the Impaler (level 22, -5/206 HPs)
             Began as a Formicid Abyssal Knight on Feb 19, 2021.
             Was a High Priest of Lugonu.
             Splashed by a deep elf sorcerer's acid (11 damage)
             ... led by an ironheart preserver
             ... on level 1 of the Abyss.
             The game lasted 03:18:55 (67657 turns).

rednaxela the Impaler (Formicid Abyssal Knight)    Turns: 67657, Time: 03:18:56

Health: -5/206     AC: 29    Str: 18    XL:     22   Next: 47%
Magic:  22/37      EV: 22    Int: 23    God:    Lugonu [*****.]
Gold:   959        SH: 28    Dex: 22    Spells: 16/43 levels left

rFire    . . .     SeeInvis +   a - +9 glaive (distort)
rCold    . . .     Faith    .   P - +8 tower shield
rNeg     + + .     Spirit   .   (armour currently unavailable)
rPois    ∞         Reflect  .   (helmet unavailable)
rElec    +         Harm     .   R - +0 cloak
rCorr    .         Rampage  .   (gloves currently unavailable)
Will     ++++.                  (boots currently unavailable)
Stlth    ++........             q - amulet "Inkar Tehu" {rN+ Will+ Regen+}
HPRegen  1.44/turn              W - ring "Nairorug" {Wiz rElec Str-2 Dex+6}
MPRegen  0.25/turn              I - ring "Laumi" {*Drain rElec Will+ Int+4 Dex+6 SInv, =R}

@: statue-form (expiring), studying Polearms, very slow
A: permanent stasis, dig shafts and tunnels, four strong arms, antennae 3
}: 2/15 runes: barnacled, gossamer
a: Dig, Shaft Self, End Transformation, Renounce Religion, Depart the Abyss,
Bend Space, Banish, Corrupt, Enter the Abyss


You were on level 1 of the Abyss.
You worshipped Lugonu.
Lugonu was extremely pleased with you.
You were a stone statue.
You visited 6 branches of the dungeon, and saw 35 of its levels.
You visited the Abyss 2 times.

You collected 3964 gold pieces.
You spent 3005 gold pieces at shops.

Inventory:

Hand Weapons
 a - a +9 glaive of distortion (weapon)
   (You found it on level 5 of the Lair of Beasts)
 b - a +2 bardiche of freezing
   (You took it off a tengu warrior on level 14 of the Dungeon)
 n - a +0 quarterstaff
   (You took it off Bai Suzhen on level 4 of the Shoals)
Missiles
 s - 4 curare-tipped darts (quivered)
 K - 14 throwing nets {!f}
Armour
 A - the +1 pair of gloves "Zann" {+Inv rPois rN+++ Int-5}
   (You found it on level 4 of the Shoals)

   It affects your intelligence (-5).
   It protects you from poison.
   It renders you almost immune to negative energy.
   It lets you turn invisible.
 C - a +0 pair of gloves (melded)
   (You found it on level 2 of the Lair of Beasts)
 P - a +8 tower shield (worn)
   (You bought it in a shop on level 2 of the Orcish Mines)
 Q - a +2 robe of fire resistance (melded)
   (You took it off an orc sorcerer on level 2 of the Orcish Mines)
 R - a +0 cloak (worn)
   (You found it on level 2 of the Dungeon)
 X - a +1 pair of boots of flying (melded)
   (You acquired it on level 4 of the Vaults)
Jewellery
 k - a ring of positive energy
   (You found it on level 1 of the Vaults)
 m - a ring of poison resistance
   (You found it on level 2 of the Dungeon)
 q - the amulet "Inkar Tehu" (around neck) {rN+ Will+ Regen+}
   (You bought it in a shop on level 10 of the Dungeon)

   [amulet of regeneration]

   It protects you from negative energy.
   It affects your willpower, your defense against some magical effects.
   It increases your rate of regeneration.
 t - a ring of ice
   (You found it on level 6 of the Dungeon)
 x - a ring of fire
   (You found it on level 2 of the Spider Nest)
 I - the ring "Laumi" (right hand) {*Drain rElec Will+ Int+4 Dex+6 SInv, =R}
   (You bought it in a shop on level 10 of the Dungeon)

   [ring of dexterity]

   It affects your intelligence (+4).
   It affects your dexterity (+6).
   It insulates you from electricity.
   It affects your willpower, your defense against some magical effects.
   It lets you see invisible.
   It causes draining when unequipped.
 T - a ring of protection from fire
   (You found it on level 3 of the Vaults)
 W - the ring "Nairorug" (left hand) {Wiz rElec Str-2 Dex+6}
   (You acquired it on level 4 of the Vaults)

   [ring of wizardry]

   It improves your spell success rate.
   It affects your strength (-2).
   It affects your dexterity (+6).
   It insulates you from electricity.
Wands
 e - a wand of acid (3) {@v1}
   (You found it on level 6 of the Lair of Beasts)
 l - a wand of digging (6) {@v3}
   (You found it on level 5 of the Dungeon)
 v - a wand of flame (132) {@v4}
   (You found it on level 10 of the Dungeon)
 y - a wand of paralysis (22)
   (You found it on level 11 of the Dungeon)
 B - a wand of iceblast (3) {@v2}
   (You took it off a merfolk siren on level 4 of the Shoals)
 F - a wand of mindburst (34)
   (You found it on level 2 of the Lair of Beasts)
 L - a wand of charming (9)
   (You found it on level 1 of the Vaults)
 O - a wand of polymorph (22)
   (You took it off a deep elf pyromancer on level 13 of the Dungeon)
Scrolls
 r - 9 scrolls of magic mapping {@r5 !r}
 u - 2 scrolls of fear {!r}
 z - a scroll of silence
 D - 2 scrolls of immolation
 E - 25 scrolls of identify {@r1}
 H - a scroll of torment
 V - a scroll of fog {!r}
Potions
 c - 2 potions of cancellation
 d - 10 potions of curing {@q1 !q}
 f - 3 potions of magic
 j - 5 potions of mutation
 o - 5 potions of ambrosia
 p - 6 potions of lignification {@q5}
 w - 3 potions of invisibility
 M - 2 potions of flight
 N - a potion of might {@q3 !q}
Miscellaneous
 G - a phantom mirror
   (You found it on level 2 of the Lair of Beasts)
 J - a condenser vane (inert)
   (You found it on level 12 of the Dungeon)


   Skills:
 - Level 10.0 Fighting
 - Level 20.0 Polearms
 - Level 10.0 Armour
 - Level 10.0 Dodging
 - Level 15.0 Shields
 + Level 11.0 Spellcasting
 - Level 10.0 Necromancy
 - Level 14.0 Transmutations
 + Level 15.7 Earth Magic
 - Level 10.0 Invocations
 - Level 7.0 Evocations


You had 16 spell levels left.
You knew the following spells:

 Your Spells              Type           Power        Failure   Level
b - Vampiric Draining     Necr           27%          1%          3
c - Borgnjor's Vile Clut  Necr/Erth      32%          1%          5
z - Statue Form           Tmut/Erth      46%          1%          6
B - Sublimation of Blood  Necr           27%          1%          2
S - Shatter               Erth           35%          95%         9
W - Passwall              Tmut/Erth      57%          0%          2

Your spell library contained the following spells:

 Spells                   Type           Power        Failure   Level
 Sandblast                Erth           100%         0%          1
 Animate Skeleton         Necr           100%         1%          1
 Corona                   Hex            13%          1%          1
 Foxfire                  Conj/Fire      48%          1%          1
 Magic Dart               Conj           48%          1%          1
 Pain                     Necr           100%         1%          1
 Shock                    Conj/Air       48%          1%          1
 Sting                    Tmut/Pois      100%         1%          1
 Summon Small Mammal      Summ           48%          1%          1
 Corpse Rot               Necr/Air       N/A          1%          2
 Ignite Poison            Fire/Tmut/Pois 34%          1%          3
 Stone Arrow              Conj/Erth      96%          1%          3
 Animate Armour           Summ/Erth      96%          1%          4
 Animate Dead             Necr           27%          1%          4
 Dispel Undead            Necr           55%          1%          4
 Ice Form                 Ice/Tmut       44%          1%          4
 Leda's Liquefaction      Hex/Erth       24%          1%          4
 Petrify                  Tmut/Erth      69%          1%          4
 Agony                    Necr           55%          1%          5
 Excruciating Wounds      Necr           27%          1%          5
 Lee's Rapid Deconstruct  Erth           35%          1%          5
 Call Imp                 Summ           12%          3%          2
 Ensorcelled Hibernation  Hex/Ice        24%          3%          2
 Poisonous Vapours        Pois/Air       24%          3%          2
 Slow                     Hex            12%          3%          2
 Yara's Violent Unravell  Hex/Tmut       22%          3%          5
 Call Canine Familiar     Summ           12%          6%          3
 Confusing Touch          Hex            12%          6%          3
 Conjure Flame            Conj/Fire      12%          6%          3
 Dazzling Flash           Conj/Hex       24%          6%          3
 Mephitic Cloud           Conj/Pois/Air  12%          6%          3
 Summon Guardian Golem    Hex/Summ       12%          6%          3
 Tukima's Dance           Hex            12%          6%          3
 Bolt of Magma            Conj/Fire/Erth 18%          6%          5
 Iron Shot                Conj/Erth      24%          12%         6
 Olgreb's Toxic Radiance  Pois           12%          21%         4
 Summon Ice Beast         Ice/Summ       12%          21%         4
 Summon Lightning Spire   Summ/Air       12%          21%         4
 Simulacrum               Ice/Necr       17%          36%         6
 Iskenderun's Battlesphe  Conj           12%          45%         5
 Metabolic Englaciation   Hex/Ice        6%           45%         5
 Silence                  Hex/Air        6%           45%         5
 Summon Forest            Summ/Tloc      6%           45%         5
 Summon Mana Viper        Hex/Summ       12%          45%         5
 Conjure Ball Lightning   Conj/Air       6%           95%         6
 Freezing Cloud           Conj/Ice/Air   6%           95%         6
 Shadow Creatures         Summ           N/A          95%         6
 Starburst                Conj/Fire      6%           95%         6
 Malign Gateway           Summ/Tloc      6%           100%        7
 Orb of Destruction       Conj           6%           100%        7
 Ozocubu's Refrigeration  Ice            6%           100%        7
 Spellforged Servitor     Conj/Summ      6%           100%        7
 Summon Hydra             Summ           6%           100%        7
 Tornado                  Air            6%           100%        9
 Blink                    Tloc           Unusable     N/A         2

Dungeon Overview and Level Annotations

Branches:
Dungeon (15/15)            Temple (0/1) D:6            Lair (6/6) D:11
 Shoals (4/4) Lair:4       Spider (4/4) Lair:2        Slime (0/5) Lair:6
    Orc (2/2) D:9             Elf (0/3) Orc:2        Vaults (4/5) D:14
  Crypt (0/3) Vaults:3     Depths (0/5) D:15

Altars:
Ashenzari
Fedhas
Gozag
Hepliaklqana
Kikubaaqudgha
Makhleb
Nemelex Xobeh
Okawaru
Qazlal
Ru
Trog
Vehumet
Xom
Yredelemnul
Zin
The Shining One
Beogh

Shops:
D:9 =   D:10 =   D:12 ?*[!   D:15 ?   Orc:2 *[[[   Vaults:2 =

Annotations:
D:15 1 transporter, Moyhedgh's ghost, journeyman HOFi
Shoals:2 2 transporters, Mecluitz's ghost, journeyman DDFi
Shoals:3 corrupted
Shoals:4 corrupted
Vaults:4 exclusion: 4 downstairs
Abyss:1 Bai Suzhen; Grum; Margery


Innate Abilities, Weirdness & Mutations

You cannot be hasted, slowed, berserked, paralysed or teleported.
You can dig through walls and to a lower floor.
Your four strong arms can wield two-handed weapons with a shield.
You have a pair of large antennae on your head. (SInv)


Message History

You kill the manticore!
Moyhedgh's ghost is struck by lightning.
The manticore is struck by lightning.
The manticore bites you but does no damage.
You block the manticore's attack. x2; The acid dragon is struck by lightning.
You closely miss the acid dragon.
The acid dragon is severely wounded.
The iron dragon breathes metal splinters at you.
The spray of metal splinters hits you!!
* * * LOW HITPOINT WARNING * * *
The acid dragon is struck by lightning.
You kill the acid dragon!
The acid dragon scales are intact enough to wear.
The manticore is struck by lightning.
You block the manticore's attack. x3
Press: ? - help, Shift-Dir - straight line, f - fire dragon
Aim: a fire dragon (moderately wounded, catching its breath, chance to affect: 58%)
The fire dragon resists with significant effort.
The iron dragon bites you.
* * * LOW HITPOINT WARNING * * *
The iron dragon claws you!
* * * LOW HITPOINT WARNING * * *
The iron dragon completely misses you.
The acid dragon is struck by lightning.
You kill the acid dragon!
The acid dragon scales are intact enough to wear.
The manticore is struck by lightning.
You kill the manticore!
The iron dragon is struck by lightning.
You block the iron dragon's attack. The iron dragon completely misses you.
The iron dragon tramples you but does no damage.
Your Spellcasting skill increases to level 11!
To return, you must find a gate leading back.
Killing monsters will force the Abyss to allow you passage.
This branch contains the abyssal rune of Zot.
Beware, you cannot shaft yourself on this level.
The ironbrand convoker seems less confused.
Level annotation: Bai Suzhen; Grum; Margery Really quaff
d - 11 potions of curing {@q1 !q}?
You feel better.
The orb spider weaves a glowing orb of energy.
An orb of destruction comes into view.
Unknown command.
You extend your mandibles.
You dig through the rock wall.
Reach: a) +9 glaive (distort)
Press: ? - help, Dir - move target, f - orb spider
Aim: an orb spider (about 23% to evade your +9 glaive of distortion)
You reach to attack!
You closely miss the orb spider.
You retract your mandibles.
You barely miss Grum. Grum barely misses you. You block Grum's attack.
You slice Grum!!
Grum is severely wounded.
Grum blinks!
The ironbrand convoker begins to recite a word of recall!
Found a gateway leading deeper into the Abyss.
Reach: a) +9 glaive (distort)
Press: ? - help, Dir - move target, f - ironbrand convoker, p - orb spider
Aim: an ironbrand convoker, wielding a +0 morningstar and wearing a +0 ring mail (chanting recall, about 21% to evade your +9 glaive of distortion)
You reach to attack!
You slash the ironbrand convoker!
The ironbrand convoker is lightly wounded.
You block Grum's attack.
Reach: a) +9 glaive (distort)
Press: ? - help, Dir - move target, f/p - ironbrand convoker
Aim: an ironbrand convoker, wielding a +0 morningstar and wearing a +0 ring mail (lightly wounded, chanting recall, about 21% to evade your +9 glaive of distortion)
You reach to attack!
You closely miss the ironbrand convoker.
The ironbrand convoker is lightly wounded.
Your transformation is almost over.
Grum hits you but does no damage.
Reach: a) +9 glaive (distort)
Press: ? - help, Dir - move target, f/p - ironbrand convoker
Aim: an ironbrand convoker, wielding a +0 morningstar and wearing a +0 ring mail (lightly wounded, chanting recall, about 21% to evade your +9 glaive of distortion)
Okay, then.
Reach: a) +9 glaive (distort)
Press: ? - help, Dir - move target, f - Grum, p - ironbrand convoker
Aim: Grum, wielding a +1 spear and wearing a +0 animal skin (severely wounded, about 21% to evade your +9 glaive of distortion)
You reach to attack!
You completely miss Grum.
Grum is severely wounded.
The deep elf sorcerer is recalled.
The merfolk impaler is recalled.
The centaur warrior is recalled.
The merfolk is recalled.
You block Grum's attack.
The ironbrand convoker casts a spell at the merfolk.
The merfolk seems to grow stronger.
You block the deep elf sorcerer's attack.
You barely miss the deep elf sorcerer. Grum hits you but does no damage.
You block the stone giant's attack.
The cyclops throws a large rock.
You block the large rock.
The deep elf sorcerer gestures at you while chanting.
The bolt of acid misses you.
You barely miss the deep elf sorcerer. You block the stone giant's attack.
You block the deep elf sorcerer's attack.
The wolf spider hisses angrily.
You hit the deep elf sorcerer but do no damage.
Space bends around the deep elf sorcerer.
The deep elf sorcerer is lightly wounded.
You block the stone giant's attack. You block Grum's attack.
The deep elf sorcerer gestures at you while chanting.
The bolt of acid hits you!!!
* * * LOW HITPOINT WARNING * * *
You are splashed with acid!
You die...

. .. .#...
..###..##..#.
.....#......##..
....#...#. ....
......#..#...#..
...#..∩..#......
≈...s#.§...#.#.
#..#.mC#C#....#
#...gpe8........
.#...####..##...
####m∩.#### .#
...... .......
..........
.≈......>.
≈≈≈s.......


You could see a stone giant, a merfolk impaler, a deep elf sorcerer, a wolf
spider, a merfolk (strong), a cyclops, an ironbrand convoker (catching breath),
an orb spider and Grum.

Vanquished Creatures
  Jorgrun (Shoals:1)
  2 liches
  Asterion (Vaults:1)
  Polyphemus (Shoals:2)
  2 sphinxes
  A kraken (Shoals:3)
  Agnes (Spider:3)
  A tengu reaver (Vaults:2)
  Roxanne (Shoals:1)
  A frost giant (Vaults:3)
  7 vault wardens
  A deep elf sorcerer (Vaults:1)
  Louise (Spider:3)
  3 ghost moths (Spider:4)
  4 emperor scorpions
  2 stone giants (Vaults:4)
  2 deep elf demonologists (Vaults:1)
  11 ironheart preservers
  4 entropy weavers
  A spark wasp (Spider:3)
  A crystal guardian (Vaults:4)
  2 ettins
  4 yaktaur captains
  8 merfolk impalers
  An ice dragon (Vaults:3)
  3 vault guards (D:14)
  2 rakshasas
  The ghost of Bezo the Geomancer, a journeyman OpEE of Gozag (D:12)
  10 ogre magi
  7 boulder beetles
  A catoblepas (D:15)
  A death knight (Vaults:2)
  12 centaur warriors
  A merfolk aquamancer (Shoals:3)
  19 two-headed ogres
  14 death yaks
  4 merfolk avatars
  4 deep troll shamans
  3 tengu warriors
  The ghost of Demosthentine the Spear-Bearer, a novice MfGl of the Shining One (D:8)
  A satyr (Shoals:3)
  A deep troll earth mage (Vaults:3)
  3 hell knights (Vaults:2)
  A fire crab (D:15)
  3 deep elf knights
  3 unseen horrors
  A skeletal warrior (Vaults:2)
  A shadow wraith (Vaults:4)
  11 deep trolls
  5 sea snakes
  3 glowing orange brains
  2 flayed ghosts (Vaults:2)
  12 harpies
  4 necromancers
  10 ironbrand convokers
  7 deep elf archers
  3 wizards
  34 wolf spiders
  21 ugly things
  13 deep elf pyromancers
  13 orb spiders
  19 orc knights
  3 orc sorcerers
  5 deep elf zephyrmancers
  6 cyclopes
  9 fauns
  3 oklob plants
  A salamander (D:15)
  12 manticores
  6 merfolk sirens
  2 moths of wrath (D:15)
  3 elephants (Lair:6)
  2 centaur zombies (D:14)
  A naga mage (Vaults:2)
  A guardian serpent (Lair:6)
  A fire giant skeleton (Vaults:1)
  11 black mambas
  A guardian serpent (shapeshifter) (Vaults:4)
  Joseph (D:8)
  14 cane toads
  9 vault sentinels
  3 gargoyles
  4 water nymphs
  4 torpor snails
  6 rime drakes
  33 yaktaurs
  5 komodo dragons
  5 centaur skeletons
  5 demonic crawlers
  2 human zombies (Vaults:3)
  3 kobold demonologists
  6 freezing wraiths
  2 yaktaur skeletons
  2 efreet
  3 tengu conjurers
  A human skeleton (Vaults:3)
  39 jumping spiders
  22 merfolk
  An entropy weaver simulacrum (Vaults:2)
  2 polar bears
  6 trolls
  A wolf spider simulacrum (D:14)
  8 hornets
  Prince Ribbit (D:8)
  A raiju (shapeshifter) (Vaults:1)
  4 wind drakes
  21 slime creatures
  10 dream sheep
  15 blink frogs
  A meliai zombie (D:15)
  4 snapping turtles
  A frost giant simulacrum (Vaults:1)
  A spriggan (shapeshifter) (Vaults:1)
  A stone giant simulacrum (Vaults:2)
  6 water elementals
  A spriggan (D:12)
  9 wraiths
  21 tarantellas
  74 redbacks
  2 shadows
  A vampire (D:14)
  A hog (shapeshifter) (Vaults:3)
  A yak (shapeshifter) (Vaults:4)
  48 yaks
  7 basilisks
  A steam dragon (Lair:5)
  12 wyverns
  9 vampire mosquitoes
  9 wargs
  5 acid dragons
  2 soldier ants
  A floating eye (Lair:6)
  22 water moccasins
  6 black bears
  52 orc warriors
  3 sky beasts
  3 ice beasts
  2 eyes of draining
  2 necrophages
  A boggart (D:12)
  42 ogres
  10 wolves
  30 centaurs
  A phantom (D:12)
  6 kobold brigands
  2 wyvern zombies
  19 bullfrogs
  A glowing shapeshifter simulacrum (Vaults:1)
  6 scorpions
  2 human simulacra (Vaults:1)
  5 killer bees
  10 wights
  2 electric eels
  3 howler monkeys
  2 quasits
  A bullfrog zombie (D:9)
  7 jellies
  9 hounds
  19 orc priests
  A bullfrog skeleton (D:13)
  3 iguanas
  18 orc wizards
  9 worker ants
  A killer bee zombie (D:6)
  3 hound zombies
  A howler monkey zombie (D:5)
  Robin (D:3)
  8 gnolls
  17 adders
  2 shadow imps
  4 white imps
  4 ufetubi
  6 oozes
  A worm (D:3)
  A dart slug (D:1)
  4 leopard geckos
  144 orcs
  3 ball pythons
  7 bats
  6 giant cockroaches
  18 goblins
  17 hobgoblins
  19 jackals
  5 quokkas
  3 frilled lizards
  20 kobolds
  A leopard gecko skeleton (D:6)
  A leopard gecko zombie (D:8)
  A quokka skeleton (D:4)
  4 rats
  A tentacle (Shoals:3)
1444 creatures vanquished.

Vanquished Creatures (collateral kills)
  An ironheart preserver (Vaults:1)
1 creature vanquished.

Vanquished Creatures (others)
  Nikola (Shoals:4)
  A merfolk aquamancer (Shoals:3)
  A merfolk avatar (Shoals:3)
  An alligator snapping turtle (Shoals:4)
  3 sea snakes
  3 harpies (Shoals:3)
  6 manticores
  2 fauns (Shoals:3)
  A cyclops (Shoals:3)
  2 merfolk sirens (Shoals:4)
  8 merfolk
  A wind drake (Shoals:4)
  4 dream sheep (Shoals:3)
  A snapping turtle (Shoals:3)
  2 water elementals (Shoals:3)
  An ogre (Vaults:3)
  A centaur (D:9)
  3 killer bees (D:9)
  50 fungi
  137 plants
  8 starspawn tentacles
  5 tentacles (Shoals:3)
242 creatures vanquished.

Grand Total: 1687 creatures vanquished

Notes
Turn   | Place    | Note
-------+----------+-------------------------------------------
     0 | Abyss:1  | rednaxela the Formicid Abyssal Knight began the quest for
                  | the Orb.
     0 | Abyss:1  | Reached XP level 1. HP: 18/18 MP: 2/2
   125 | Abyss:2  | Noticed a hellwing
   126 | Abyss:2  | Noticed a green very ugly thing
   127 | D:1      | Escaped the Abyss
   217 | D:1      | Reached XP level 2. HP: 19/24 MP: 3/3
   503 | D:1      | Reached skill level 3 in Polearms
   859 | D:1      | Reached XP level 3. HP: 27/27 MP: 4/4
  1343 | D:2      | Found a shimmering altar of Xom.
  2086 | D:2      | Reached skill level 4 in Polearms
  2086 | D:2      | Reached XP level 4. HP: 35/35 MP: 5/5
  2191 | D:2      | Found a hazy altar of Hepliaklqana.
  2504 | D:2      | Reached * piety under Lugonu
  3106 | D:3      | Noticed an ogre
  3479 | D:3      | Reached XP level 5. HP: 34/41 MP: 3/6
  3550 | D:3      | Found a burning altar of Makhleb.
  3637 | D:3      | Reached skill level 5 in Polearms
  3905 | D:3      | Reached ** piety under Lugonu
  3916 | D:3      | Reached XP level 6. HP: 20/47 MP: 1/7
  4240 | D:3      | Reached skill level 6 in Polearms
  4293 | D:3      | Found a glowing golden altar of the Shining One.
  4438 | D:3      | Killed an ogre
  4439 | D:3      | Reached skill level 3 in Invocations
  4623 | D:3      | Reached skill level 4 in Invocations
  4801 | D:5      | Entered Level 5 of the Dungeon
  4808 | D:4      | Noticed an ogre
  4821 | D:4      | Killed an ogre
  4822 | D:4      | Reached skill level 5 in Invocations
  4822 | D:4      | Reached XP level 7. HP: 17/52 MP: 3/11
  5104 | D:4      | Noticed Robin
  5148 | D:3      | Killed Robin
  5297 | D:4      | Reached skill level 6 in Invocations
  5749 | D:4      | Found an iron altar of Okawaru.
  5907 | D:4      | Found an opulent altar of Gozag.
  6199 | D:5      | Reached skill level 7 in Polearms
  6199 | D:5      | Reached XP level 8. HP: 57/58 MP: 12/12
  6272 | D:5      | Found a broken altar of Ashenzari.
  6385 | D:5      | Found a stormy altar of Qazlal.
  6518 | D:5      | Reached *** piety under Lugonu
  6536 | D:5      | Reached skill level 8 in Polearms
  7115 | D:6      | Found a blossoming altar of Fedhas.
  7153 | D:6      | Found a sparkling altar of Nemelex Xobeh.
  7463 | D:6      | Found a staircase to the Ecumenical Temple.
  7565 | D:6      | Reached skill level 9 in Polearms
  8185 | D:6      | Found a glowing silver altar of Zin.
  8334 | D:7      | Reached XP level 9. HP: 59/64 MP: 10/13
  9192 | D:7      | Reached skill level 10 in Polearms
  9501 | D:7      | Found a basalt altar of Yredelemnul.
  9602 | D:7      | Reached **** piety under Lugonu
  9826 | D:7      | Found a burning altar of Makhleb.
  9967 | D:8      | Found a runed translucent gate.
  9968 | D:8      | Found a runed translucent gate.
  9979 | D:8      | Found a runed translucent gate.
  9979 | D:8      | Noticed Demosthentine's ghost (novice MfGl)
 10156 | D:7      | Reached skill level 11 in Polearms
 11063 | D:8      | Reached skill level 12 in Polearms
 11063 | D:8      | Reached XP level 10. HP: 45/70 MP: 6/14
 11218 | D:8      | Noticed Joseph
 11301 | D:8      | Killed Joseph
 11343 | D:8      | Noticed a cyclops
 11734 | D:8      | Killed a cyclops
 11942 | D:8      | Reached skill level 13 in Polearms
 11997 | D:8      | Noticed Grum
 12744 | D:8      | Banished Grum
 13111 | D:8      | Noticed Prince Ribbit
 13139 | D:8      | Killed Prince Ribbit
 13220 | D:8      | Found a radiant altar of Vehumet.
 13935 | D:8      | Reached skill level 14 in Polearms
 14840 | D:9      | Found Reisk's Jewellery Shoppe.
 15136 | D:9      | Found a broken altar of Ashenzari.
 15171 | D:9      | Reached XP level 11. HP: 68/75 MP: 13/15
 15434 | D:9      | Corrupted D:9
 15434 | D:9      | Noticed a sixfirhy
 15434 | D:9      | Noticed a great orb of eyes
 15434 | D:9      | Noticed an unseen horror
 15434 | D:9      | Noticed a worldbinder
 15434 | D:9      | Noticed a large abomination
 15434 | D:9      | Noticed a starcursed mass
 15434 | D:9      | Noticed a thrashing horror
 15435 | D:9      | Noticed a glowing orange brain
 15436 | D:9      | Noticed a rakshasa
 15437 | D:9      | Noticed a necromancer
 15438 | D:9      | Noticed a sixfirhy
 15439 | D:9      | Noticed a necromancer
 15441 | D:9      | Noticed a thrashing horror
 15452 | D:9      | Found a staircase to the Orcish Mines.
 16143 | D:10     | Entered Level 10 of the Dungeon
 16327 | D:10     | Noticed a two-headed ogre
 16990 | D:10     | Reached skill level 15 in Polearms
 17248 | D:10     | Banished a two-headed ogre
 17294 | D:10     | Found Qackud's Jewellery Shoppe.
 17336 | D:10     | Identified the Papyrus of Burning Calling
 17441 | D:10     | Noticed an unseen horror
 17471 | D:10     | Killed an unseen horror
 18560 | D:11     | Reached skill level 16 in Polearms
 18560 | D:11     | Reached skill level 1 in Dodging
 18583 | D:11     | Found a staircase to the Lair.
 18693 | D:11     | Noticed a manticore
 18711 | D:11     | Killed a manticore
 18712 | D:11     | Reached skill level 3 in Armour
 18866 | D:11     | Reached skill level 4 in Fighting
 18884 | D:11     | Reached skill level 2 in Dodging
 19030 | D:11     | Noticed a two-headed ogre
 19067 | D:11     | Killed a two-headed ogre
 19068 | D:11     | Reached XP level 12. HP: 57/84 MP: 12/16
 19231 | D:11     | Reached skill level 4 in Armour
 19576 | Lair:1   | Entered Level 1 of the Lair of Beasts
 19587 | Lair:1   | Reached skill level 3 in Dodging
 19661 | D:11     | Reached skill level 5 in Fighting
 20031 | Lair:1   | Noticed a seven-headed hydra
 20128 | Lair:1   | Banished a seven-headed hydra
 20379 | Lair:1   | Reached skill level 5 in Armour
 20651 | Lair:1   | Reached skill level 4 in Dodging
 20667 | Lair:1   | Reached skill level 6 in Fighting
 21802 | Lair:2   | Noticed a death yak
 21855 | Lair:2   | Noticed a death yak
 21908 | Lair:1   | Killed a death yak
 21909 | Lair:1   | Reached skill level 6 in Armour
 21909 | Lair:1   | Reached skill level 7 in Invocations
 22035 | Lair:1   | Killed a death yak
 22300 | Lair:2   | Reached skill level 5 in Dodging
 22319 | Lair:2   | Reached skill level 7 in Fighting
 22571 | Lair:2   | Noticed a six-headed hydra
 22581 | Lair:2   | Banished a six-headed hydra
 22582 | Lair:2   | Reached XP level 13. HP: 80/96 MP: 9/18
 22619 | Lair:2   | Reached skill level 8 in Invocations
 22812 | Lair:2   | Reached skill level 7 in Armour
 22868 | Lair:2   | Found a hole to the Spider Nest.
 23154 | Lair:2   | Found an iron altar of Okawaru.
 23866 | Lair:3   | Reached skill level 8 in Fighting
 23866 | Lair:3   | Reached skill level 6 in Dodging
 24084 | Lair:3   | Noticed a boulder beetle
 24103 | Lair:3   | Killed a boulder beetle
 24528 | Lair:3   | Reached skill level 9 in Invocations
 24803 | Lair:3   | Noticed a five-headed hydra
 24805 | Lair:3   | Banished a five-headed hydra
 24806 | Lair:3   | Reached skill level 8 in Armour
 26436 | Lair:3   | Reached skill level 9 in Fighting
 26627 | Lair:4   | Reached skill level 7 in Dodging
 26975 | Lair:4   | Found a staircase to the Shoals.
 27759 | Lair:5   | Reached skill level 10 in Invocations
 27982 | Lair:5   | Reached skill level 9 in Armour
 27982 | Lair:5   | Reached XP level 14. HP: 73/108 MP: 14/21
 28806 | Lair:6   | Entered Level 6 of the Lair of Beasts
 29693 | Lair:6   | Reached skill level 10 in Fighting
 29703 | Lair:6   | Reached skill level 8 in Dodging
 29928 | Lair:6   | Found a staircase to the Slime Pits.
 29954 | Lair:6   | Reached skill level 10 in Armour
 30376 | Lair:6   | Reached skill level 9 in Dodging
 31520 | Lair:6   | Identified the Disquisition on Mutagenic Attacks
 31769 | Lair:6   | Reached skill level 10 in Dodging
 33471 | D:10     | Bought the ring "Laumi" {*Drain rElec Will+ Int+4 Dex+6
                  | SInv} for 1191 gold pieces
 33545 | D:12     | Found Weehu's General Store.
 33763 | D:12     | Found Imydovu's Magic Scroll Emporium.
 33779 | D:12     | Reached ***** piety under Lugonu
 33900 | D:12     | Reached XP level 15. HP: 79/115 MP: 22/22
 34671 | D:12     | Bought a scroll of enchant weapon for 127 gold pieces
 34815 | D:12     | Reached skill level 17 in Polearms
 34908 | D:12     | Found a runed translucent door.
 34909 | D:12     | Identified the +10 spear of the Purse {vorpal, +Blink Str-4
                  | Int+5 Dex+4}
 34911 | D:12     | Noticed Bezo's ghost (journeyman OpEE)
 34923 | D:12     | Found Xun Ofub's Armour Boutique.
 34931 | D:12     | Bought a +0 kite shield for 58 gold pieces
 35164 | D:12     | Found Befaanodd's Distillery.
 35575 | D:13     | Found a blossoming altar of Fedhas.
 37177 | D:13     | Reached ****** piety under Lugonu
 37191 | D:13     | Reached skill level 18 in Polearms
 38078 | Orc:1    | Entered Level 1 of the Orcish Mines
 38082 | Orc:1    | Identified a +6 glaive of distortion (a +4 glaive corrupted
                  | by Lugonu)
 38082 | Orc:1    | Received a gift from Lugonu
 38256 | Orc:2    | Entered Level 2 of the Orcish Mines
 39144 | Orc:2    | Found a staircase to the Elven Halls.
 39491 | Orc:2    | Found Kemoih's Armour Shoppe.
 39491 | Orc:2    | Found Beirph Kisuca's Armour Shop.
 39499 | Orc:2    | Found a roughly hewn altar of Beogh.
 40139 | Orc:2    | Reached skill level 19 in Polearms
 40695 | Orc:2    | Reached XP level 16. HP: 122/122 MP: 23/23
 40724 | Orc:2    | Found Coxzelin's General Store.
 40724 | Orc:2    | Found Kubef's Antique Armour Shoppe.
 40892 | Orc:2    | Bought a tower shield for 90 gold pieces
 40968 | D:12     | Bought a scroll of acquirement for 884 gold pieces
 40968 | D:12     | Acquired a manual of Polearms
 41835 | D:14     | Reached skill level 20 in Polearms
 42128 | D:14     | Reached skill level 1 in Shields
 42266 | D:14     | Reached skill level 2 in Shields
 42397 | D:14     | Reached skill level 3 in Shields
 42633 | D:14     | Found a gate to the Vaults.
 42645 | D:14     | Reached skill level 4 in Shields
 42988 | D:14     | Reached skill level 5 in Shields
 43027 | D:14     | Reached skill level 6 in Shields
 43603 | D:15     | Entered Level 15 of the Dungeon
 44152 | D:15     | Reached skill level 7 in Shields
 44174 | D:15     | Reached skill level 8 in Shields
 44391 | D:15     | Found a sacrificial altar of Ru.
 44554 | D:15     | Reached skill level 9 in Shields
 45152 | D:15     | Reached skill level 10 in Shields
 45190 | D:15     | Found a transporter.
 45209 | D:15     | Found a staircase to the Depths.
 45401 | D:15     | Noticed Moyhedgh's ghost (journeyman HOFi)
 45428 | D:15     | Noticed an iron dragon
 45447 | D:15     | Reached skill level 11 in Shields
 45619 | D:15     | Found a transporter.
 45651 | D:15     | Reached XP level 17. HP: 117/128 MP: 24/24
 45791 | D:15     | Found Owoenol's Magic Scroll Boutique.
 45949 | D:15     | Reached skill level 12 in Shields
 47000 | D:8      | Killed Demosthentine's ghost
 47227 | D:12     | Killed Bezo's ghost
 47716 | Spider:1 | Entered Level 1 of the Spider Nest
 47812 | Spider:1 | Reached skill level 13 in Shields
 48119 | Spider:1 | Reached skill level 14 in Shields
 48587 | Spider:1 | You fall into a shaft and drop 1 floor!
 48628 | Spider:2 | Reached skill level 15 in Shields
 48628 | Spider:2 | Reached skill level 1 in Spellcasting
 48631 | Spider:2 | Learned a level 2 spell: Passwall
 48713 | Spider:2 | Reached skill level 1 in Earth Magic
 48716 | Spider:2 | Reached skill level 2 in Spellcasting
 48812 | Spider:2 | Reached skill level 2 in Earth Magic
 49083 | Spider:2 | Reached skill level 3 in Spellcasting
 49084 | Spider:2 | Reached skill level 3 in Earth Magic
 49327 | Spider:2 | Reached skill level 4 in Earth Magic
 49527 | Spider:2 | Reached skill level 4 in Spellcasting
 49733 | Spider:4 | Entered Level 4 of the Spider Nest
 49841 | Spider:3 | Reached skill level 5 in Earth Magic
 49862 | Spider:3 | Reached XP level 18. HP: 122/134 MP: 25/25
 50055 | Spider:3 | Reached skill level 5 in Spellcasting
 50474 | Spider:3 | Reached skill level 6 in Earth Magic
 51380 | Spider:3 | Reached skill level 6 in Spellcasting
 51823 | Spider:4 | Reached skill level 7 in Earth Magic
 51873 | Spider:4 | Noticed Agnes
 51886 | Spider:3 | Killed Agnes
 52116 | Spider:4 | Noticed Louise
 52717 | Spider:3 | Killed Louise
 52718 | Spider:3 | Reached skill level 7 in Spellcasting
 52718 | Spider:3 | Reached skill level 8 in Earth Magic
 53532 | Spider:4 | Learned a level 5 spell: Borgnjor's Vile Clutch
 53620 | Spider:4 | Reached skill level 9 in Earth Magic
 54438 | Spider:4 | Reached skill level 8 in Spellcasting
 54910 | Spider:4 | Reached skill level 10 in Earth Magic
 54910 | Spider:4 | Reached skill level 1 in Necromancy
 54922 | Spider:4 | Reached skill level 2 in Necromancy
 55111 | Spider:4 | Reached skill level 3 in Necromancy
 55296 | Spider:4 | Reached skill level 4 in Necromancy
 55350 | Spider:4 | Got a gossamer rune of Zot
 55711 | D:10     | Bought the amulet "Inkar Tehu" {rN+ Will+ Regen+} for 655
                  | gold pieces
 55884 | Shoals:1 | Entered Level 1 of the Shoals
 56136 | D:8      | Learned a level 3 spell: Vampiric Draining
 56341 | Shoals:1 | Reached skill level 1 in Evocations
 56526 | Shoals:1 | Reached skill level 5 in Necromancy
 56526 | Shoals:1 | Reached skill level 2 in Evocations
 56572 | Shoals:1 | Reached XP level 19. HP: 140/140 MP: 31/31
 56580 | Shoals:1 | Noticed Jorgrun
 56595 | Shoals:1 | Killed Jorgrun
 56596 | Shoals:1 | Reached skill level 3 in Evocations
 56682 | Shoals:1 | Noticed Roxanne
 56706 | Shoals:1 | Killed Roxanne
 56828 | Shoals:1 | Reached skill level 4 in Evocations
 56830 | Shoals:1 | Reached skill level 6 in Necromancy
 57450 | Shoals:2 | Reached skill level 5 in Evocations
 57570 | Shoals:2 | Found a transporter.
 57576 | Shoals:2 | Found a transporter.
 57740 | Shoals:2 | Identified the +10 trident "Gram" {antimagic, *Rage rC+ rN+
                  | Str+3}
 57741 | Shoals:2 | Noticed Mecluitz's ghost (journeyman DDFi)
 57742 | Shoals:2 | Identified the +9 trident of Qecei {antimagic, Dex+2}
 57750 | Shoals:2 | Found a bloodstained altar of Trog.
 57753 | Shoals:2 | Noticed Polyphemus
 57786 | Shoals:1 | Reached skill level 7 in Necromancy
 57873 | Shoals:2 | Killed Polyphemus
 57874 | Shoals:2 | Reached skill level 6 in Evocations
 58341 | Shoals:2 | Learned a level 6 spell: Statue Form
 58620 | Shoals:3 | Reached skill level 8 in Necromancy
 58620 | Shoals:3 | Reached skill level 7 in Evocations
 58744 | Shoals:3 | Reached skill level 1 in Transmutations
 58777 | Shoals:3 | Corrupted Shoals:3
 59107 | Shoals:3 | Reached skill level 2 in Transmutations
 59424 | Shoals:4 | Entered Level 4 of the Shoals
 59479 | Shoals:4 | Reached skill level 9 in Necromancy
 59556 | Shoals:4 | Reached skill level 3 in Transmutations
 59628 | Shoals:4 | Noticed Bai Suzhen
 59657 | Shoals:4 | Banished Bai Suzhen
 59693 | Shoals:4 | Identified the +1 pair of gloves "Zann" {+Inv rPois rN+++
                  | Int-5}
 59693 | Shoals:4 | Noticed Nikola
 59700 | Shoals:4 | Reached skill level 4 in Transmutations
 59702 | Shoals:4 | Corrupted Shoals:4
 59702 | Shoals:4 | Noticed a bone dragon
 59713 | Shoals:4 | Killed Nikola
 60077 | Shoals:3 | Reached skill level 5 in Transmutations
 60137 | Shoals:4 | Reached XP level 20. HP: 126/143 MP: 32/32
 60159 | Shoals:4 | Got a barnacled rune of Zot
 60628 | Shoals:4 | Reached skill level 10 in Necromancy
 60641 | Shoals:4 | Reached skill level 6 in Transmutations
 60781 | Shoals:4 | Identified the Almanac of the Bear
 61188 | Vaults:1 | Entered Level 1 of the Vaults
 61200 | Vaults:1 | Got a dazzling scale mail
 61201 | Vaults:1 | Identified the +0 scale mail of Circular Logic {Harm rPois
                  | Dex-4} (You found it on level 1 of the Vaults)
 61478 | Vaults:1 | Reached skill level 7 in Transmutations
 61514 | Vaults:1 | Reached skill level 8 in Transmutations
 61964 | Vaults:1 | Reached skill level 9 in Transmutations
 61967 | Vaults:1 | Noticed an Ice Fiend
 61994 | Vaults:1 | Reached skill level 10 in Transmutations
 62494 | Vaults:1 | Noticed Asterion
 62516 | Vaults:1 | Killed Asterion
 62573 | Vaults:1 | Reached skill level 11 in Transmutations
 62582 | Vaults:1 | Reached skill level 11 in Earth Magic
 63499 | Vaults:2 | Reached XP level 21. HP: 153/153 MP: 33/33
 63589 | Vaults:2 | Noticed Margery
 63606 | Vaults:2 | Banished Margery
 63607 | Vaults:2 | Reached skill level 12 in Earth Magic
 63609 | Vaults:2 | Reached skill level 12 in Transmutations
 63856 | Vaults:2 | Reached skill level 9 in Spellcasting
 63966 | Vaults:2 | Found a radiant altar of Vehumet.
 64401 | Vaults:2 | Reached skill level 13 in Earth Magic
 64550 | Vaults:2 | Found Buox's Jewellery Emporium.
 64844 | Vaults:3 | Reached skill level 13 in Transmutations
 64847 | Vaults:3 | Learned a level 2 spell: Sublimation of Blood
 65275 | Vaults:3 | Reached skill level 14 in Earth Magic
 65486 | Vaults:3 | Found a staircase to the Crypt.
 65486 | Vaults:3 | Found a basalt altar of Yredelemnul.
 65487 | Vaults:3 | Found an ancient bone altar of Kikubaaqudgha.
 65575 | Vaults:3 | Reached skill level 10 in Spellcasting
 65587 | Vaults:3 | Reached XP level 22. HP: 159/159 MP: 32/36
 66078 | Vaults:3 | You fall into a shaft and drop 1 floor!
 66081 | Vaults:4 | Acquired the ring "Nairorug" {Wiz rElec Str-2 Dex+6}
 66095 | Vaults:4 | Learned a level 9 spell: Shatter
 66102 | Vaults:4 | Reached skill level 14 in Transmutations
 66390 | Vaults:4 | Reached skill level 15 in Earth Magic
 66539 | Vaults:4 | Acquired a +0 pair of boots of flying
 67644 | D:15     | Reached skill level 11 in Spellcasting
 67657 | Abyss:1  | HP: 6/206 [deep elf sorcerer/bolt of acid[an ironheart
                  | preserver] (37)]
 67657 | Abyss:1  | Splashed by a deep elf sorcerer's acid

Illustrated notes

Levels and vault maps discovered:
D:1:      lemuel_arrival_room, layout_loops_corners
D:2:      layout_basic, nicolae_overflow_crystal_walls, general_overflow_altar
D:3:      layout_basic, tso_altar, lemuel_tele_altar
D:4:      layout_cave_pools, lemuel_doored_altar, grunt_gozag_breadcrumbs,
          uniq_robin
D:5:      layout_loops_ring, lemuel_coloured_pillars_altar, basic_altar
D:6:      layout_basic, zin_treasury, kennysheep_mini_moat, lemuel_round_altar,
          minmay_temple_entry_trees, minmay_misc_feat_chi
D:7:      layout_basic, yredelemnul_altar_generic, lightli_temple_of_fire
D:8:      layout_loops_cross, vehumet_statue, gammafunk_ghost_spectres,
          minmay_misc_feat_cross, uniq_grum, uniq_joseph, uniq_prince_ribbit1
D:9:      layout_roguey, hiddenorc1_lemuel, serial_shops,
          nicolae_shop_waterfront, cheibrodos_ashenzari_chains
D:10:     layout_basic, serial_shops, nicolae_shop_behind_doors
D:11:     layout_small_grid, david_lair_shrubbed
D:12:     layout_loops_ring, portal_ice_cave_rime, ebering_ghost_funeral_grove,
          serial_shops, kennysheep_mini, nicolae_shop_stone,
          nicolae_shop_competitors_out_of_business,
          nicolae_shop_window_shopping, chequers_serial_rivers_large_a,
          columned_hall_lemuel, hangedman_abyss_or_decor_lesser_grid
D:13:     layout_roguey [special_room_orc], special_room [special_room_orc],
          basic_altar
D:14:     layout_loops_ring, grunt_vaults_entry_fortified,
          minmay_misc_feat_encased
D:15:     hangedman_depths_entry_try_elsewhere_first, layout_irregular_city,
          gammafunk_ghost_berserking_beasts, nicolae_ru_path_of_blood,
          serial_shops, shop, serial_park_tiny_pond
Lair:1:   layout_long_grid, amcnicky_mini_pool_medium, minmay_lair_oklob_chamber
Lair:2:   layout_gridlike, spider_nest_entry_rubble, st_stairs_11,
          amcnicky_altar_gilded
Lair:3:   layout_cave_pods, st_stairs_3, grunt_megastairs_5
Lair:4:   layout_regular_city, elwin_shoals_entry_rooms, lemuel_fruit_fields
Lair:5:   layout_regular_city
Lair:6:   hangedman_lair_tendril_chambers, layout_cellular_growth,
          nicolae_slime_entry_slimehenge, minivault_26, disabler_island
Shoals:1: layout_shoals, centaur_isle, uniq_jorgrun, uniq_roxanne
Shoals:2: layout_shoals, gammafunk_ghost_wrathful_warriors, uniq_polyphemus
Shoals:3: layout_shoals, nicolae_shoals_seven_spires
Shoals:4: shoals_end_hangedman, layout_shoals, uniq_nikola, uniq_bai_suzhen
Spider:1: layout_spider_delve
Spider:2: layout_spider_delve, hangedman_spider_tarantella_strand
Spider:3: layout_chambers
Spider:4: grunt_spider_rune_parallel, uniq_louise, uniq_agnes
Orc:1:    layout_diamond_mine
Orc:2:    st_orc_town, layout_caves
Vaults:1: nicolae_vaults_border_crossing, vaults_room_semicircle,
          ontoclasm_vaults_ring_large, nicolae_vaults_fighting_squares,
          nicolae_vaults_network_quincunx
          [nicolae_vaults_network_quincunx_subvault,
          nicolae_vaults_network_quincunx_subvault,
          nicolae_vaults_network_quincunx_subvault,
          nicolae_vaults_network_quincunx_subvault,
          nicolae_vaults_network_quincunx_subvault], nicolae_vaults_theta,
          nicolae_vaults_alarming, nicolae_vaults_network_barrier,
          grunt_vaults_focal, nicolae_vaults_yaktaur_gun_rack,
          vaults_room_door_ring, vaults_room_corners, layout_vaults_omnicross,
          uniq_asterion
Vaults:2: v_pattern_2, grunt_tower_of_power, vaults_dpeg_encased_lava,
          hangedman_vaults_trim, v_misc_4, nicolae_vaults_puzzle_piece,
          ontoclasm_vaults_ring_large, grunt_vaults_twisty,
          vaults_room_ringed_pool, v_misc_13, vaults_dpeg_hooks,
          hangedman_vaults_stretched_pinwheel, nicolae_vaults_what_the_h,
          nicolae_vaults_little_squares_6, vaults_dpeg_diagonal,
          layout_vaults_ring, infiniplex_enter_wizlab_glasses, serial_shops,
          shop, uniq_margery
Vaults:3: hangedman_vaults_stagger, vaults_room_semicircle, v_misc_8,
          minmay_crypt_entry_necro_gods, nicolae_vaults_theta,
          hangedman_vaults_trim, ontoclasm_vaults_chip, serial_ice_g,
          nicolae_vaults_ring_of_whatevers, nicolae_vaults_big_ls,
          ontoclasm_vaults_eye, layout_vaults_omnigrid
Vaults:4: nicolae_vaults_stairing_the_circle, hangedman_vaults_restitches,
          ontoclasm_vaults_fault, vaults_mumra_minichess_inversion,
          ontoclasm_vaults_ring_small, v_misc_33, layout_vaults_chaotic_city
Abyss:1:  base: Temple, base: Temple, base:
D:1

Skill      XL: |  1  2  3  4  5  6  7  8  9 10 11 12 13 14 15 16 17 18 19 20 21 22 |
---------------+-------------------------------------------------------------------+-----
Polearms       | 3 4 5 6 7 9 12 14 16 19 20 | 20.0
Invocations    | 5 6 7 10 | 10.0
Dodging        | 2 5 7 10 | 10.0
Armour         | 3 6 9 10 | 10.0
Fighting       | 4 7 9 10 | 10.0
Shields        | 11 15 | 15.0
Spellcasting   | 4 8 10 11 | 11.0
Earth Magic    | 5 10 11 14 15 | 15.7
Necromancy     | 5 9 10 | 10.0
Evocations     | 2 7 |  7.0
Transmutations | 5 11 13 14 | 14.0

Action                   |  1- 3 |  4- 6 |  7- 9 | 10-12 | 13-15 | 16-18 | 19-21 | 22-24 || total
-------------------------+-------+-------+-------+-------+-------+-------+-------+-------++-------
Melee: Spear             |   124 |     8 |    69 |       |       |       |       |       ||   201
       Trident           |       |   223 |   499 |  1086 |   857 |       |       |       ||  2665
       Glaive            |       |       |       |       |  1039 |  1341 |  1335 |   186 ||  3901
Throw: Dart              |       |       |    13 |    13 |       |       |       |       ||    26
 Cast: Statue Form       |       |       |       |       |       |       |    41 |    13 ||    54
       Borgnjor's Vile C |       |       |       |       |       |       |     2 |     1 ||     3
Invok: Depart the Abyss  |     1 |       |       |       |       |       |       |       ||     1
       Bend Space        |       |       |     2 |     1 |     2 |     7 |     3 |       ||    15
       Banish            |       |       |     1 |    12 |     7 |    11 |     4 |     2 ||    37
       Corrupt           |       |       |       |     1 |       |       |     2 |       ||     3
       Brand Weapon With |       |       |       |       |     1 |       |       |       ||     1
       Enter the Abyss   |       |       |       |       |       |       |       |     1 ||     1
 Abil: Dig               |       |     2 |       |     6 |    33 |    38 |    12 |     1 ||    92
       Evoke Flight      |       |       |       |       |       |     3 |    20 |       ||    23
       Stop Flying       |       |       |       |       |       |     2 |     5 |     1 ||     8
       End Transformatio |       |       |       |       |       |       |     1 |       ||     1
Evoke: Wand              |       |       |     1 |     2 |       |       |     1 |       ||     4
       Condenser vane    |       |       |       |       |     1 |       |     3 |     1 ||     5
  Use: Scroll            |     3 |     6 |     5 |     4 |    11 |    12 |     6 |     4 ||    51
       Potion            |       |     3 |       |       |     5 |     5 |       |     1 ||    14
 Stab: Distracted        |       |       |       |     1 |     1 |     1 |       |       ||     3
       Petrified         |       |       |       |       |       |       |     2 |       ||     2
       Confused          |       |       |       |       |       |       |     4 |       ||     4
       Sleeping          |       |       |       |       |       |       |     1 |       ||     1
Armor: Ring mail         |    40 |    81 |   218 |   442 |   505 |    36 |       |       ||  1322
       Plate armour      |       |       |       |       |       |   433 |   109 |       ||   542
       Skin              |       |       |       |       |       |       |   142 |    36 ||   178
       Robe              |       |       |       |       |       |       |     1 |       ||     1
Dodge: Dodged            |    60 |   116 |   221 |   420 |   911 |   363 |   352 |   103 ||  2546
Block: Tower shield      |       |       |       |       |       |  1083 |  1394 |   279 ||  2756

Table legend: (Time is in decaauts)
 A = Elapsed time spent in this place.
 B = Non-inter-level travel time spent in this place.
 C = Inter-level travel time spent in this place.
 D = Time resting spent in this place.
 E = Time spent auto-exploring this place.
 F = Levels seen in this place.
 G = Mean time per level.
                   A        B        C        D        E       F      G
               +--------+--------+--------+--------+--------+-----+--------+
         Total |  67694 |  62601 |   5093 |  15163 |  32490 |  38 | 1781.4 |
       Dungeon |  30744 |  28153 |   2591 |   7467 |  15099 |  15 | 2049.6 |
          Lair |  14371 |  12899 |   1472 |   2862 |   7783 |   6 | 2395.2 |
        Shoals |   4878 |   4618 |    260 |    540 |   2372 |   4 | 1219.5 |
   Spider Nest |   7692 |   7378 |    314 |   3041 |   2585 |   4 | 1923.0 |
  Orcish Mines |   2963 |   2695 |    268 |   1093 |   1029 |   2 | 1481.5 |
        Vaults |   6900 |   6715 |    185 |    159 |   3519 |   4 | 1725.0 |
         Abyss |    142 |    142 |      0 |      0 |    102 |   3 |   47.3 |
               +--------+--------+--------+--------+--------+-----+--------+

Top non-repeatable levels by time:
Spider:3: 3906 daAuts
  Lair:6: 3652 daAuts
    D:14: 3277 daAuts
    D:11: 3100 daAuts
     D:8: 3042 daAuts
     D:9: 2595 daAuts
  Lair:3: 2504 daAuts
  Lair:1: 2501 daAuts
     D:7: 2495 daAuts
  Lair:5: 2469 daAuts
    D:13: 2432 daAuts
Vaults:1: 2090 daAuts
    D:12: 2071 daAuts
   Orc:1: 1875 daAuts
     D:1: 1795 daAuts
